 Dungeon Crawl Stone Soup version 0.16.2-12-gd0ad4c3 (webtiles) character file.

179 dvd the Spear-Bearer (level 5, -1/66 HPs)
             Began as a Merfolk Gladiator on Sept 20, 2015.
             Slain by an adder (2 damage)
             ... on level 2 of the Dungeon.
             The game lasted 00:16:52 (3035 turns).

dvd the Spear-Bearer (Merfolk Gladiator)            Turns: 3035, Time: 00:16:53

Health: -1/66      AC: 22    Str: 15    XL:     5   Next: 59%
Magic:  4/11       EV:  2    Int: 10    God:
Gold:   232        SH:  0    Dex: 15    Spells: 0 memorised, 11 levels left

rFire  . . .     SeeInvis .     a - +0 trident
rCold  . . .     Clarity  .     m - melded +0 robe (curse)
rNeg   + + +     SustAb   .     (no shield)
rPois  +         Gourm    .     c - melded +1 helmet
rElec  .         Spirit   .     (cloak currently unavailable)
rCorr  .         Warding  .     (gloves currently unavailable)
rMut   .         NoTele   +     (boots currently unavailable)
MR     +....                    (no amulet)
Stlth  ++++......               u - -3 ring of intelligence (curse)
                                r - ring of protection from magic

@: brilliant, lethally poisoned (-1 -> -2), tree-form, somewhat resistant to
hostile enchantments, stealthy
A: (change form in water), (swift swim)
a: no special abilities


You were on level 2 of the Dungeon.
You were not hungry.
You were a tree.
You visited 1 branch of the dungeon, and saw 3 of its levels.

You collected 232 gold pieces.

Inventory:

Hand weapons
 a - a +0 trident (weapon)
Missiles
 d - 2 throwing nets (quivered)
Armour
 b - a +0 leather armour
 c - a +1 helmet (melded)
 m - a cursed +0 robe (melded)
 t - a +0 leather armour
Jewellery
 r - a ring of protection from magic (left branch)
 u - a cursed -3 ring of intelligence (right branch)
Scrolls
 j - a scroll of amnesia
 l - 3 scrolls of identify
Potions
 e - a potion of cure mutation
 i - 2 potions of brilliance
 o - a potion of flight
Comestibles
 f - 4 bread rations
 g - 2 beef jerkies
 p - a royal jelly
 q - a meat ration
 s - a chunk of flesh


   Skills:
 + Level 5.4 Fighting
 + Level 8.2 Polearms
 + Level 4.7 Throwing
 + Level 3.2 Armour
 + Level 7.4 Dodging
 + Level 5.0 Stealth
 + Level 3.6 Spellcasting


You had 11 spell levels left.
You didn't know any spells.

Dungeon Overview and Level Annotations

Branches:
Dungeon (3/15)

Altars:


Message History

Your +1 helmet melds into your body.
Your cursed +0 robe melds into your body.
Your roots penetrate the ground.
* * * LOW HITPOINT WARNING * * *
You feel sick. The adder bites you but does no damage.
You barely miss the adder.
The adder is lightly wounded.
The adder bites you but does no damage.
You hit the adder.
The adder is moderately wounded.
* * * LOW HITPOINT WARNING * * *
You feel sick. The adder bites you but does no damage.
You miss the adder.
The adder is moderately wounded.
The adder barely misses you.
You hit the adder.
The adder is heavily wounded.
* * * LOW HITPOINT WARNING * * *
You feel sick. The adder bites you but does no damage. The adder bites you.
You die...

#.###.#...........#
##.#.##.#'##.####.########
###.#.#.#.#..#.#..#.#.......
#..######.#..'.'..#.#######.
#.#.###.#.####.##'#.# #.
#.##.#.##...........# #.
#.###.###.####.##'#.# #.
#.##### #.#..#.#..#.# #.
#....# #.#♣S'.'..#.# ##.
####.# #.####.####.######..
#.# #.............##...#
##.## #############.......
##...####.........###.....#
#.......'....))...'........
#....##.#.....)...###.....#
#.#..##.##.......## #.#.#.#
#.##.##.###.....## #.#.#.#


You could see an adder.

Vanquished Creatures
  3 adders (D:2)
  4 giant geckos
  3 oozes
  A ball python (D:2)
  3 giant cockroaches
  8 hobgoblins
  11 jackals (D:1)
  7 kobolds
  6 bats
  5 giant newts
  3 goblins (D:1)
  5 rats
59 creatures vanquished.

Notes
Turn   | Place    | Note
--------------------------------------------------------------
     0 | D:1      | dvd, the Merfolk Gladiator, began the quest for the Orb.
     0 | D:1      | Reached XP level 1. HP: 16/16 MP: 1/1
   391 | D:1      | Reached XP level 2. HP: 20/22 MP: 2/2
   558 | D:1      | Reached skill level 5 in Polearms
   737 | D:1      | Reached XP level 3. HP: 18/28 MP: 3/3
  2026 | D:2      | Reached XP level 4. HP: 14/34 MP: 4/4
  2859 | D:2      | Reached skill level 1 in Armour
  2976 | D:3      | Reached skill level 1 in Stealth
  3002 | D:3      | Noticed an ice beast
  3030 | D:2      | Reached skill level 5 in Fighting
  3030 | D:2      | Reached skill level 8 in Polearms
  3030 | D:2      | Reached skill level 5 in Stealth
  3030 | D:2      | Reached XP level 5. HP: 3/44 MP: 4/11
  3030 | D:2      | HP: 2/44 [poisoned by an adder]
  3035 | D:2      | HP: 1/66 [poisoned by an adder]
  3035 | D:2      | Slain by an adder

Action                   |  1- 3 |  4- 6 || total
-------------------------+-------+-------++-------
Melee: Trident           |   138 |    85 ||   223
Throw: Throwing net      |     6 |     2 ||     8
  Use: Scroll            |       |     4 ||     4
       Potion            |       |     4 ||     4
 Stab: Held in net/web   |     1 |     1 ||     2
       Sleeping          |       |     1 ||     1
  Eat: Chunk             |     2 |     5 ||     7
